 Dungeon Crawl Stone Soup version 0.24.0-37-gcf1ca852f1 (webtiles) character file.

Game seed: 12585754648668143339, levelgen mode: deterministic

65 Amplified the Ducker (level 3, -2/27 HPs)
             Began as a Demonspawn Transmuter on Dec 3, 2019.
             Slain by a hobgoblin
             ... wielding a +0 morningstar
              (5 damage)
             ... on level 2 of the Dungeon.
             The game lasted 00:03:46 (2003 turns).

Amplified the Ducker (Demonspawn Transmuter)        Turns: 2003, Time: 00:03:47

Health: -2/27      AC:  9    Str: 11    XL:     3   Next: 94%
Magic:  6/6        EV:  5    Int: 14    God:
Gold:   53         SH:  0    Dex: 13    Spells: 3/6 levels left

rFire    . . .     SeeInvis .   e - +0 whip
rCold    . . .     Gourm    .   (no shield)
rNeg     . . .     Faith    .   j - +0 chain mail
rPois    .         Spirit   .   (no helmet)
rElec    .         Reflect  .   (no cloak)
rCorr    .         Harm     .   (no gloves)
MR       .....                  (no boots)
Stlth    ..........             (no amulet)
HPRegen  0.09/turn              (no ring)
MPRegen  0.10/turn              (no ring)

@: hasted, very quick
A: rugged brown scales 1, rot immunity
a: no special abilities


You were on level 2 of the Dungeon.
You were not hungry.

You visited 1 branch of the dungeon, and saw 3 of its levels.

You collected 53 gold pieces.

Inventory:

Hand Weapons
 c - a +0 dagger
 e - a +0 whip (weapon)
 f - a +0 short sword
Missiles
 a - 12 arrows
 g - 17 poisoned darts (quivered)
Armour
 b - a +0 robe
 j - a +0 chain mail (worn)
Scrolls
 k - 2 scrolls of noise
Comestibles
 d - 5 rations


   Skills:
 * Level 2.2 Fighting
 * Level 1.6 Maces & Flails
 * Level 2.7 Dodging
 - Level 2.6 Unarmed Combat
 - Level 2.0 Spellcasting
 - Level 1.7 Transmutations


You had 3 spell levels left.
You knew the following spells:

 Your Spells              Type           Power        Failure   Level  Hunger
a - Beastly Appendage     Tmut           #.....       100%        1    ##.....
b - Sticks to Snakes      Tmut           #.......     100%        2    ###....

Your spell library contained the following spells:

 Spells                   Type           Power        Failure   Level  Hunger
 Spider Form              Tmut/Pois      #.........   100%        3    ####...
 Ice Form                 Ice/Tmut       #.......     100%        4    #####..
 Blade Hands              Tmut           #.........   100%        5    ######.


Dungeon Overview and Level Annotations

Branches:
Dungeon (3/15)

Altars:


Innate Abilities, Weirdness & Mutations

You are partially covered in rugged brown scales. (AC +1, +3% HP)
You are immune to rotting.


Message History

Your magical contamination has completely faded away.
Your chain mail prevents you from hitting the hobgoblin.
The hobgoblin is almost dead.
You closely miss the hobgoblin.
The hobgoblin is almost dead.
The hobgoblin hits you with a +0 morningstar!
Your chain mail prevents you from hitting the hobgoblin.
The hobgoblin is almost dead.
The hobgoblin shouts!
The frilled lizard unfolds its giant frill.
The hobgoblin hits you with a +0 morningstar!
* * * LOW HITPOINT WARNING * * *
Unknown command.
Okay, then.
You see here a stone.
Things that are here:
a cursed -2 mace; a +0 chain mail; a +0 whip It was a potion of haste.
You feel yourself speed up.
The hobgoblin hits you with a +0 morningstar.
You die...

.# #. #...# ...#
.....###.##...# ...#
...........g..#...
.....####.##..#.#
...............#
###........#(.####.#
...................#
###.........l###########
.............g@.........
........#.#..##.).......
........+...>...<######
........######...#
#.#.....# #...#
........# #...#
.....#### #...# .....
#...# #...#


You could see a hobgoblin and a frilled lizard.

Vanquished Creatures
  Terence (D:2)
  An adder (D:2)
  An ooze (D:1)
  A dart slug (D:1)
  A leopard gecko (D:1)
  A giant cockroach (D:1)
  5 goblins
  3 hobgoblins
  4 kobolds
  4 bats
  4 frilled lizards (D:1)
  3 rats (D:1)
29 creatures vanquished.

Notes
Turn   | Place    | Note
-------+----------+-------------------------------------------
     0 | D:1      | Amplified the Demonspawn Transmuter began the quest for the
                  | Orb.
     0 | D:1      | Reached XP level 1. HP: 15/15 MP: 3/3
   649 | D:1      | Gained mutation: You are immune to rotting. [demonic
                  | ancestry]
   649 | D:1      | Reached XP level 2. HP: 21/21 MP: 3/5
   665 | D:1      | Learned a level 2 spell: Sticks to Snakes
  1211 | D:1      | Reached skill level 1 in Maces & Flails
  1475 | D:2      | Gained mutation: You are partially covered in rugged brown
                  | scales. (AC +1, +3% HP) [demonic ancestry]
  1475 | D:2      | Reached XP level 3. HP: 11/27 MP: 6/6
  1713 | D:2      | Noticed Terence
  1744 | D:2      | Killed Terence
  2003 | D:2      | Slain by a hobgoblin

Levels and vault maps discovered:
D:1:      onia_arrival_mini_maze_b, layout_basic, hex_tiny,
          minmay_misc_feat_diagonals
D:2:      layout_basic, kennysheep_generic_room_10, uniq_terence, uniq_natasha,
          uniq_robin
D:3:      layout_basic, first_ration

Skill      XL: |  1  2  3 |
---------------+----------+-----
Dodging        | 2 |  2.7
Maces & Flails | 1 |  1.6
Fighting       | 2 |  2.2
Unarmed Combat | |  2.6
Spellcasting   | |  2.0
Transmutations | |  1.7

Action                   || total
-------------------------++-------
Melee: Whip              ||   114
       Kick              ||     5
       Dagger            ||     2
       Unarmed           ||     2
       Headbutt          ||     1
       Punch             ||     1
Throw: Dart              ||     8
 Cast: Beastly Appendage ||     9
  Use: Potion            ||     3
       Scroll            ||     3
  Eat: Chunk             ||     4
Armor: Robe              ||     6
       Chain mail        ||    59
Dodge: Dodged            ||    47
